 Dungeon Sprint DCSS version 0.32-a0-411-g744942f433 (webtiles) character file.

Game seed: 1547103375899636246

12 shadowstone the Grappler (level 6, -6/38 HPs)
             Began as an Octopode Shapeshifter on Feb 20, 2024.
             Was a Believer of Qazlal.
             Mangled by a gnoll sergeant
             ... wielding a +0 spear
              (10 damage)
             ... in the Dungeon (Sprint VI: "Thunderdome").
             The game lasted 00:03:40 (354 turns).

shadowstone the Grappler (Octopode Shapeshifter)     Turns: 354, Time: 00:03:40

Health: -6/38      AC:  1    Str: 16    XL:     6   Next: 7%
Magic:  6/6        EV: 14    Int: 12    God:    Qazlal [**....]
Gold:   220        SH:  3    Dex: 11    Spells: 5/5 levels left

rFire   . . .        n - +0 trident (distort)
rCold   . . .        (no shield)
rNeg    . . .        (helmet currently unavailable)
rPois   .            (no amulet)
rElec   .            (no ring)
rCorr   .            (no ring)
SInv    .            (no ring)
Will    .....        (no ring)
Stlth   ++           (no ring)
HPRegen 0.26/turn    (no ring)
MPRegen 0.10/turn    (no ring)
                     (no ring)

%: no teleportation
@: beast-form
A: beast (slay +4), almost no armour, amphibious, 8 rings, camouflage 1,
gelatinous body 1, (nimble swimmer 1), tentacles
a: Begin Untransformation, Renounce Religion, Upheaval


You were in the Dungeon.
You worshipped Qazlal.
Qazlal was pleased with you.
You were a hulking beast.
You visited 1 branch You collected 220 gold pieces.

Inventory:

Hand Weapons
 n - a +0 trident of distortion (weapon)
Talismans
 b - a beast talisman (active)
 c - a flux talisman
Wands
 k - a wand of acid (1) (quivered)
 l - a wand of iceblast (5)
Scrolls
 i - 4 scrolls of blinking
 m - 3 scrolls of fog
Potions
 a - a potion of lignification
 d - a potion of curing
 e - 4 potions of heal wounds
 f - 4 potions of haste
 g - 2 potions of magic
 h - a potion of berserk rage
 j - a potion of resistance


   Skills:
 + Level 1.5 Fighting
 + Level 0.6 Polearms
 + Level 4.1 Dodging
 + Level 8.2 Unarmed Combat
 + Level 1.3 Evocations
 + Level 8.1 Shapeshifting


You had 5 spell levels left.
You didn't know any spells.
Your spell library was empty.

Dungeon Overview and Level Annotations

Branches:
Dungeon (1/1)

Altars:
Cheibriados
Dithmenos
Fedhas
Gozag
Kikubaaqudgha
Makhleb
Okawaru
Qazlal
Trog
Uskayaw
Vehumet
Wu Jian
Xom
Yredelemnul
Zin
Beogh
Lugonu

Shops:
D *[=??*?:((


Innate Abilities, Weirdness & Mutations

You are a hulking beast.
Your limbs bulge with bestial killing power. (Slay +4)
You cannot wear most types of armour.
You are amphibious.
You can wear up to eight rings at the same time.
Your skin changes colour to match your surroundings (Stealth+).
Your rubbery body absorbs attacks. (AC +1, EV +1)
((You are camouflaged when in or above water. (Stealth+)))
You have tentacles for arms and can constrict up to eight enemies at once.


Message History

The gnoll bouda is moderately wounded.
The gnoll bouda gazes fiercely through you!
You feel your attacks grow feeble. The gnoll bouda misses you.
You hit the gnoll bouda. You grab the gnoll bouda.
The gnoll bouda is heavily wounded.
You constrict the gnoll bouda.
The gnoll bouda gazes fiercely through you!
You feel as though you will be weak longer.
The gnoll bouda hits you with a +0 whip!
You hit the gnoll bouda.
Space warps around the gnoll bouda.
The gnoll bouda is almost dead.
You constrict the gnoll bouda.
You kill the gnoll bouda!
Qazlal accepts your kill.
Your Dodging skill increases to level 4!
Your Shapeshifting skill increases to level 8!
You have reached level 6!
You start resting.
Your attacks no longer feel as feeble.
You start resting. 20...
You start resting.
A gnoll sergeant comes into view. It is wielding a +0 spear.
A gnoll sergeant is nearby!
You are too injured to fight recklessly!
You are too injured to fight recklessly!
You are too injured to fight recklessly!
You are too injured to fight recklessly! 15...
The gnoll sergeant shouts!
The gnoll sergeant barely misses you.
The gnoll sergeant hits you with a +0 spear!
* * * LOW HITPOINT WARNING * * *
The gnoll sergeant blocks your attack.
You grab the gnoll sergeant.
You squeeze the gnoll sergeant, but do no damage. 10...
You constrict the gnoll sergeant.
The gnoll sergeant hits you with a +0 spear!
You die...

#.....# ##.....##
##∩.....∩## #∩.......∩#
#_.[....._# #_......._#
#_........# ###.........###
#⌠...hg......⌠#
######.ß.).......ß.####
##∩___......###......___
###∩....).).ß.# #.ß.......
##.........)...###.........
#⌠......[...###...###......
#⌠...)......# #.<.# ......
#⌠..........###...# ......
##.............###.........


You could see a gnoll sergeant.

Vanquished Creatures
  A gnoll sergeant (D)
  A hound (D)
  A gnoll bouda (D)
  Jessica (D)
  2 gnolls (D)
  2 goblins (D)
  A rat (D)
9 creatures vanquished.

Notes
Turn   | Place    | Note
-------+----------+-------------------------------------------
     0 | D        | shadowstone the Octopode Shapeshifter began the quest for
                  | the Orb.
     0 | D        | Reached XP level 1. HP: 13/13 MP: 1/1
     4 | D        | Found a burning altar of Makhleb.
     5 | D        | Found a shimmering altar of Xom.
     5 | D        | Found an iron altar of Okawaru.
     5 | D        | Round 1.
     6 | D        | Found a glowing silver altar of Zin.
     6 | D        | Found a hide-covered altar of Uskayaw.
     7 | D        | Found a radiant altar of Vehumet.
     7 | D        | Found a stormy altar of Qazlal.
     7 | D        | Found an ornate altar of the Wu Jian Council.
     7 | D        | Found Hive's Staff Store.
     7 | D        | Found Agumpal's Magic Scroll Shop.
     8 | D        | Found Honamux's Must-Have Magic.
     8 | D        | Found Akhulu's Magic Scroll Shop.
    12 | D        | Found a shadowy altar of Dithmenos.
    13 | D        | Found a snail-covered altar of Cheibriados.
    13 | D        | Noticed Jessica
    18 | D        | Killed Jessica
    19 | D        | Reached XP level 2. HP: 18/18 MP: 2/2
    19 | D        | Reached XP level 3. HP: 23/23 MP: 3/3
    24 | D        | Found an ancient bone altar of Kikubaaqudgha.
    24 | D        | Found Icrutrum's Timeless Talismans.
    26 | D        | Found Umiwn's Jewellery.
    26 | D        | Found Buunadda's Advanced Armour.
    27 | D        | Found an opulent altar of Gozag.
    27 | D        | Found Xoenn's Identification Station.
    46 | D        | Became a worshipper of Qazlal Stormbringer
    90 | D        | Found a bloodstained altar of Trog.
    91 | D        | Found a blossoming altar of Fedhas.
    92 | D        | Found a basalt altar of Yredelemnul.
    93 | D        | Found Kaid's Premium Goods.
    95 | D        | Found a roughly hewn altar of Beogh.
    95 | D        | Found a corrupted altar of Lugonu.
    95 | D        | Found Zoabunoc's Weapon Rack.
   169 | D        | Reached skill level 5 in Unarmed Combat
   169 | D        | Reached skill level 5 in Shapeshifting
   169 | D        | Reached XP level 4. HP: 28/28 MP: 4/4
   170 | D        | Reached * piety under Qazlal
   177 | D        | Arena points: 12 (+12) [x2]
   208 | D        | Round 2.
   216 | D        | Noticed a gnoll sergeant
   226 | D        | Killed a gnoll sergeant
   227 | D        | Reached XP level 5. HP: 33/33 MP: 5/5
   265 | D        | Reached skill level 1 in Evocations
   287 | D        | Reached ** piety under Qazlal
   330 | D        | Reached XP level 6. HP: 12/38 MP: 6/6
   354 | D        | Mangled by a gnoll sergeant

Illustrated notes

Levels and vault maps discovered:
D:        arena_sprint

Skill      XL: |  1  2  3  4  5 |
---------------+----------------+-----
Unarmed Combat | 4 5 6 8 |  8.2
Shapeshifting  | 4 5 6 8 |  8.1
Dodging        | 3 4 |  4.1
Evocations     | 1 |  1.3
Fighting       | |  1.5
Polearms       | |  0.6

Action                     |  1- 3 |  4- 6 || total
---------------------------+-------+-------++-------
  Melee: Unarmed           |     8 |     4 ||    12
         Tentacles         |     1 |     3 ||     4
         Constrict         |     1 |     4 ||     5
         Trident           |       |     8 ||     8
  Evoke: Wand              |       |     4 ||     4
 Armour: Skin              |     1 |     7 ||     8
  Dodge: Dodged            |     8 |     8 ||    16

Table legend: (Time is in decaauts)
 A = Elapsed time spent in this place.
 B = Non-inter-level travel time spent in this place.
 C = Inter-level travel time spent in this place.
 D = Time resting spent in this place.
 E = Time spent auto-exploring this place.
 F = Levels seen in this place.
 G = Mean time per level.
                   A        B        C        D        E       F      G
               +--------+--------+--------+--------+--------+-----+--------+
         Total |    354 |    349 |      5 |    117 |      1 |   1 |  354.0 |
       Dungeon |    354 |    349 |      5 |    117 |      1 |   1 |  354.0 |
               +--------+--------+--------+--------+--------+-----+--------+

Top non-repeatable levels by time:
       D: 354 daAuts
